Cogmind - Beta 13 X3 @@@ ROGUE MODE // 2024.02.13 @ 02:46:28 Player: cptwinky Result: Destroyed by 93-Y0C(R) with Subdweller Shrapnel Launcher Performance ------------- Evolutions (0) 0 Regions Visited (2) 400 Robots Destroyed (44) 220 Value Destroyed (1207) 1207 Prototype IDs (0) 0 Alien Tech Used (0) 0 Bonus (0) 0 TOTAL SCORE: 1827 Bonus ------- None Cogmind --------- Core Integrity 0/250 Matter 300/300 Energy 100/100 System Corruption 0% Temperature Cool (0) Movement Treading (610) Ox5 Location -10/Subcaves Parts ------- > --- POWER (1) -------- Subdweller Power Source > --- PROPULSION (2) --- Light Treads Spiked Treads > --- UTILITY (2) ------ Humpback > --- WEAPON (2) ------- Heavy Assault Rifle Heavy Assault Rifle > --- INVENTORY (35) --- Subdweller Power Source Wheel Wheel Large Storage Unit Huge Storage Unit High-capacity Matter Pod (169) Improved Targeting Computer Scrap Shield Subdweller Beam Cannon Subdweller Beam Cannon Heavy Assault Rifle Heavy Assault Rifle Battle Rifle Battle Rifle Subdweller Machine Gun Barrage Gun Slug Cannon Rocket Launcher Rocket Launcher Rocket Launcher Subdweller Shrapnel Launcher Datajack Mining Laser Flamer Flamer Hammer Scrap Shield Fragment (48) Scrap Shield Fragment (48) Scrap Shield Fragment (40) Scrap Shield Fragment (23) Peak State ------------ > --- POWER ------------ Subdweller Power Source > --- PROPULSION ------- Light Treads Spiked Treads > --- UTILITY ---------- Humpback > --- WEAPON ----------- Heavy Assault Rifle Heavy Assault Rifle > --- INVENTORY -------- Subdweller Power Source Large Storage Unit Huge Storage Unit High-capacity Matter Pod Improved Targeting Computer Scrap Shield Subdweller Beam Cannon Subdweller Beam Cannon Heavy Assault Rifle Heavy Assault Rifle Battle Rifle Battle Rifle Subdweller Machine Gun Barrage Gun Slug Cannon Rocket Launcher Rocket Launcher Rocket Launcher Subdweller Shrapnel Launcher Datajack Mining Laser Flamer Flamer Hammer Scrap Shield Fragment Scrap Shield Fragment [Rating: 16] Favorites ----------- Power Light Ion Engine Engine Light Ion Engine Propulsion Light Treads Treads Light Treads Leg Aluminum Leg Wheel Wheel Utility Humpback Storage Humpback Processor Improved Targeting Computer Weapon Heavy Assault Rifle Energy Gun EM Pulse Gun Ballistic Gun Heavy Assault Rifle Launcher Rocket Launcher Impact Weapon Hammer Build | -11 -10 -10 ------- Run | Yrd Mat Sub Slots Evolved . | . . . Power . | . . . Propulsion . | . . . Utility . | . . . Weapon . | . . . Parts Attached 62 | 2 18 42 Power 4 | . 1 3 Engine 4 | . 1 3 Core . | . . . Reactor . | . . . Propulsion 27 | 2 1 24 Treads 14 | 2 1 11 Leg . | . . . Wheel 13 | . . 13 Hover . | . . . Flight . | . . . Utility 3 | . 2 1 Device . | . . . Storage 2 | . 1 1 Processor 1 | . 1 . Hackware . | . . . Protection . | . . . Artifact . | . . . Weapon 28 | . 14 14 Energy Gun 2 | . 2 . Energy Cannon . | . . . Ballistic Gun 18 | . 11 7 Ballistic Cannon . | . . . Launcher 7 | . 1 6 Special Weapon . | . . . Impact Weapon 1 | . . 1 Slashing Weapon . | . . . Piercing Weapon . | . . . Special Melee Weapon . | . . . Unidentified Prototypes . | . . . Parts Lost 12 | . 4 8 Power 3 | . 1 2 Propulsion 5 | . . 5 Utility . | . . . Weapon 4 | . 3 1 Highest Loss Streak 2 | . 2 2 To Critical Strikes . | . . . Average Slot Usage (%) 86 | . 91 85 Engine 13 | . 14 13 Treads 21 | . 28 20 Wheel 6 | . . 7 Storage 13 | . 14 13 Processor 1 | . 5 . Energy Gun 1 | . 5 . Ballistic Gun 26 | . 22 27 Naked Turns . | . . . Heaviest Build 211 | 11 29 211 Greatest Support 40 | 40 40 40 Greatest Overweight (x) 13 | . . 13 Average Overweight (x) 5 | . . 8 Largest Inventory Capacity 35 | 8 15 35 Average Capacity 30 | 8 12 34 Most Carried 31 | 6 15 31 Average Carried 20 | 6 10 22 Final Capacity 35 | 8 15 35 Final Carried 31 | 6 15 31 Class Distribution -------------------- 59% | Hauler-Mutant 21% | Mutant 19% | Subdweller-Mutant Dominant Class ---------------- Mutant | -10/Materials Hauler-Mutant | -10/Subcaves Resources | -11 -10 -10 ----------- Run | Yrd Mat Sub Matter Collected 1485 | 181 376 928 Remotely . | . . . Salvage Created 1327 | . 783 544 Parts 83 | . 46 37 Haulers Intercepted 2 | . 2 . Recyclers Shooed 1 | . 1 . Parts Field Recycled . | . . . Retrieved Matter . | . . . Parts Self-Destructed 9 | . . 9 Prevented . | . . . Kills | -11 -10 -10 ------- Run | Yrd Mat Sub Combat Hostiles Destroyed 36 | . 17 19 Guns 21 | . 13 8 AOE 14 | . 3 11 Classes Destroyed 10 | . 8 2 Worker 1 | . 1 . Builder 1 | . 1 . Tunneler 1 | . 1 . Hauler 2 | . 2 . Operator 2 | . 2 . Watcher 1 | . 1 . Swarmer 8 | . 3 5 Grunt 14 | . 14 . Artisan 1 | . . 1 Subdweller 14 | . . 14 Best Kill Streak 4 | . 4 3 Combat Bots Only 3 | . 3 3 Max Kills in Single Turn 3 | . 1 3 Gunslinging . | . . . Exploded 3 | . 1 3 Melee . | . . . Uniques/NPCs Destroyed . | . . . Combat | -11 -10 -10 -------- Run | Yrd Mat Sub Hostile Shots Fired 157 | . 81 76 Missed 50 | . 24 26 Damage Taken 1803 | . 680 1123 Core 268 | . 141 127 Absorbed by Shields . | . . . Regen/Repaired (Parts) 97 | . 97 . Core Remaining (%) 100 | 100 . . Volleys Fired 129 | . 76 53 Largest 2 | . 2 2 Hottest 80 | . 80 46 Shots Fired 233 | . 140 93 Gun 217 | . 137 80 Cannon . | . . . Launcher 16 | . 3 13 Special . | . . . Kinetic 184 | . 104 80 Thermal . | . . . Explosive 16 | . 3 13 Electromagnetic 33 | . 33 . Robot Hit Streak 11 | . 8 11 Robot Miss Streak 5 | . 5 3 Penetration Max . | . . . Secondary Targets . | . . . Shots Hit Robots 153 | . 86 67 Core Hits 70 | . 39 31 Critical Kills 1 | . . 1 Critical Parts Destroyed 1 | . 1 . Critical Strikes 3 | . 1 2 Destroy 3 | . 1 2 Melee Attacks 5 | . . 5 Impact 5 | . . 5 Slashing . | . . . Piercing . | . . . Sneak Attacks . | . . . Combat Hostiles . | . . . Follow-up Attacks . | . . . Damage Inflicted 3439 | . 1285 2154 Guns 1844 | . 957 887 Cannons . | . . . Explosions 1489 | . 222 1267 Melee . | . . . Ramming 106 | . 106 . Kinetic 1501 | . 614 887 Thermal 34 | . 34 . Explosive 1455 | . 188 1267 Electromagnetic 343 | . 343 . Impact . | . . . Slashing . | . . . Piercing . | . . . Highest Corruption . | . . . Average Corruption . | . . . Corruption Purged . | . . . Corruption Blocked . | . . . Overload Shots . | . . . Overflow Damage 84 | . 26 58 Projectiles . | . . . Explosions 84 | . 26 58 Melee . | . . . Knockbacks . | . . . Impact . | . . . Kinetic . | . . . Secondary . | . . . Self-Inflicted Damage 24 | . . 24 Shots 2 | . . 2 Rammed 18 | . 18 . Targets Rammed 22 | . 22 . Kicked . | . . . Crushed 4 | . 4 . Highest Temperature 159 | . 159 . Average Temperature 43 | . 43 . Received Heat Transfer 417 | . 300 117 Siege Activations . | . . . Robots Corrupted 1 | . 1 . Combat Hostiles 1 | . 1 . Parts Fried 3 | . 3 . Impact Corruptions . | . . . Robots Melted . | . . . Combat Hostiles . | . . . Parts Melted . | . . . Heat Transferred 50 | . 50 . Parts Sabotaged . | . . . Parts Stolen . | . . . Parts Stripped . | . . . Power Chain Reactions 1 | . 1 . Alert | -11 -10 -10 ------- Run | Yrd Mat Sub Peak Influence 177 | . 177 . Initial . | . . . Average 83 | . 83 . Maximum Alert Level . | . . . Low Security (%) 100 | 100 100 . Level 1 . | . . . Level 2 . | . . . Level 3 . | . . . Level 4 . | . . . Level 5 . | . . . High Security . | . . . Max Security . | . . . Squads Dispatched 6 | . 6 . Investigation 3 | . 3 . Extermination . | . . . Reinforcement 3 | . 3 . Assault . | . . . Garrison . | . . . Intercept . | . . . Searches Triggered . | . . . Construction Impeded . | . . . Haulers Reinforced . | . . . Active Scanning Responses . | . . . Cargo Convoy Interrupts . | . . . Stealth | -11 -10 -10 --------- Run | Yrd Mat Sub Distress Signals . | . . . Communications Jammed . | . . . Distress Signals . | . . . Times Spotted 55 | . 33 22 Peak Tracking Total 3 | . 3 3 Tactical Retreats 1 | . . 1 Traps | -11 -10 -10 ------- Run | Yrd Mat Sub Traps Triggered 6 | . 3 3 Indirectly . | . . . Trap Hack Attempts . | . . . Triggered . | . . . Disarmed . | . . . Reprogrammed . | . . . Reused . | . . . Traps Extracted . | . . . Installed . | . . . Triggered . | . . . Machines | -11 -10 -10 ---------- Run | Yrd Mat Sub Machines Disabled . | . . . Max in Single Turn . | . . . Machines Repaired . | . . . Machines Dismantled . | . . . Machines Sabotaged . | . . . Overloaded Fab Kills . | . . . Hacking | -11 -10 -10 --------- Run | Yrd Mat Sub Machines Accessed 7 | . 6 1 Terminals 4 | . 4 . Fabricators . | . . . Repair Stations 1 | . 1 . Recycling Units 1 | . 1 . Scanalyzers . | . . . Garrison Access . | . . . Total Hacks 15 | . 11 4 Successful 10 | . 6 4 Failed 5 | . 5 . Catastrophic 2 | . 2 . Database Lockouts . | . . . Manual 6 | . 6 . Terminals 6 | . 6 . Fabricators . | . . . Repair Stations 2 | . 2 . Recycling Units 3 | . 3 . Scanalyzers . | . . . Garrison Access . | . . . Terminal Hacks 6 | . 2 4 Record 4 | . . 4 Robot Analysis 1 | . 1 . Branch Access Points 1 | . 1 . Fabricator Hacks . | . . . Repair Station Hacks 2 | . 2 . Scan Component 1 | . 1 . Repair 1 | . 1 . Recycling Unit Hacks 1 | . 1 . Retrieve Components 1 | . 1 . Scanalyzer . | . . . Garrison Access Hacks . | . . . Unauthorized Hacks 1 | . 1 . Terminals . | . . . Fabricators . | . . . Repair Stations . | . . . Recycling Units 1 | . 1 . Tunnel 1 | . 1 . Scanalyzers . | . . . Garrison Access . | . . . Data Cores Recovered . | . . . Used . | . . . Hacking Detections 5 | . 5 . Full Trace Events . | . . . Feedback Events . | . . . Feedback Blocked . | . . . Robot Schematics Acquired . | . . . Robots Built . | . . . Authchips . | . . . Time . | . . . Total Robot Build Rating . | . . . Part Schematics Acquired . | . . . Parts Built . | . . . Authchips . | . . . Time . | . . . Total Part Build Rating . | . . . Parts Repaired 1 | . 1 . Time 13 | . 13 . Parts Recycled . | . . . Recycled Matter . | . . . Retrieved Matter . | . . . Retrieved Components 3 | . 3 . Parts Scanalyzed . | . . . Part Schematics Acquired . | . . . Parts Damaged . | . . . Bothacking | -11 -10 -10 ------------ Run | Yrd Mat Sub Used RIF Installer . | . . . Robots Hacked . | . . . Non-combat . | . . . Combat . | . . . Robot Hacks Applied . | . . . Relay Couplers Released . | . . . Fabnet Peak Effective % . | . . . Robots Rewired . | . . . Allies Hacked . | . . . Hacks Repelled . | . . . Allies | -11 -10 -10 -------- Run | Yrd Mat Sub Total Allies . | . . . Largest Group . | . . . Highest-Rated Group . | . . . Highest-Rated Ally . | . . . Total Orders . | . . . Ally Attacks . | . . . Total Damage . | . . . Kills . | . . . Allies Corrupted . | . . . Allies Melted . | . . . Intel | -11 -10 -10 ------- Run | Yrd Mat Sub Robot Analysis Total 1 | . 1 . Derelict Logs Recovered . | . . . Drone Launches . | . . . Drone Recoveries . | . . . Exploration | -11 -10 -10 ------------- Run | Yrd Mat Sub Turns Passed 9292 | 6 1767 7519 Spaces Moved 2771 | 3 900 1868 Core . | . . . Treads 1633 | 1 900 732 Legs 2 | 2 . . Wheels 1136 | . . 1136 Hover . | . . . Flight . | . . . Fastest Speed 120 | 120 160 160 Average Speed 288 | 133 160 351 Slowest Speed 610 | 160 160 610 Overloaded Moves . | . . . Propulsion Burnouts . | . . . Robots Hopped . | . . . Cave-ins Triggered . | . . . Exploration Rate (%) 63 | 2 98 89 Regions Visited 2 Branch Regions 1 Pre-discovered Areas 1 | . 1 . Known Exits Taken . | . . . Unknown Exits Taken 2 | 1 1 . Scrap Searched 6 | . . 6 Spaces Dug 11 | . . 11 Terrain Destroyed 107 | . 20 87 Melee . | . . . Projectile . | . . . AOE 107 | . 20 87 Terrain Rammed . | . . . Walls Destroyed . | . . . Machines Disabled . | . . . Actions | -11 -10 -10 --------- Run | Yrd Mat Sub Total 3804 | 4 1092 2708 Wait 736 | . 41 695 Move 2769 | 2 899 1868 Hop . | . . . Pick Up 58 | . 22 36 Fast Attach 5 | . 3 2 Attach 14 | . 5 9 Detach 5 | . 2 3 Swap 43 | 2 10 31 Drop 18 | . 12 6 Fire 129 | . 76 53 Melee 5 | . . 5 Ram . | . . . Kick . | . . . Crush 22 | . 22 . Escape Stasis . | . . . Rewire . | . . . Trap . | . . . Miscellaneous . | . . . Route ------- -11/Scrapyard -10/Materials (discovered 6 exits: [*Mat x3] / *Min x2 / *Sub) -10/Subcaves (discovered 2 exits: [*Mat x2]) History --------- Turn | Location | Event 1 | -11/Scrapyard | Discovered new exit (range 3) 7 | -11/Scrapyard | Entered Materials 99 | -10/Materials | Discovered new exit (range 16) 144 | -10/Materials | Discovered new exit (range 3) 329 | -10/Materials | Build established: Mutant 566 | -10/Materials | Discovered new exit (range 16) 775 | -10/Materials | Discovered new exit (range 16) 1119 | -10/Materials | Repaired Lgt. Treads 1124 | -10/Materials | Discovered new exit (range 9) 1226 | -10/Materials | Identified exit to Mines 1472 | -10/Materials | Core integrity fell below 50% 1758 | -10/Materials | Discovered new exit (range 11) 1774 | -10/Materials | Entered Subcaves 2297 | -10/Subcaves | Build established: Hauler-Mutant 2636 | -10/Subcaves | Visited Clippyterm 3987 | -10/Subcaves | Shifting Twisted Machinery released Battle Rifle 3996 | -10/Subcaves | Shifting Twisted Machinery released Flamer 4254 | -10/Subcaves | Discovered new exit (range 16) 4457 | -10/Subcaves | Shifting Twisted Machinery released Sub. Power Source 4711 | -10/Subcaves | Shifting Twisted Machinery released Sub. Optics 4776 | -10/Subcaves | Ambushed by Subdweller buried in earth 4780 | -10/Subcaves | Core integrity fell below 20% 5245 | -10/Subcaves | A swath of the cavern ceiling suddenly collapsed 5808 | -10/Subcaves | Shifting Twisted Machinery released Spk. Treads 5815 | -10/Subcaves | Shifting Twisted Machinery released Flamer 6419 | -10/Subcaves | Disturbed a concealed Subdweller 7784 | -10/Subcaves | Build established: Subdweller-Mutant 8851 | -10/Subcaves | Discovered new exit (range 16) 9293 | -10/Subcaves | Destroyed by 93-Y0C(R) with Subdweller Shrapnel Launcher Last Messages --------------- 06593_ Found Sub. Shrapnel Launcher. 06593_ Found 31 Matter. 06594_ Acquired 31 matter. 07247_ Acquired Sub. Power Source. 07248_ Dropped Broken Sub. Power Source. 07249_ Acquired Broken Sub. Power Source. 07250_ Dropped Broken Sub. Power Source. 07262_ Acquired Sub. Power Source. 07318_ Acquired Scrap Shield Fragment. 07692_ Sub. Power Source shoots sparks and powers down. 08851_ EXIT=FOUND 09071_ S6-8F7(u) builds Twisted Machinery. 09156_ Acquired 14 matter. 09169_ Acquired 6 matter. 09254_ S6-8F7(u) tweaks Twisted Machinery. 09255_ S6-8F7(u) cries out in pain. 09255_ S6-8F7(u) destroyed. 09258_ Acquired Wheel. 09267_ Acquired 21 matter. 09292_ 93-Y0C(R): "SUBHATE!" Map ----- +----------------------------------------------------+ | | | | | | | | | | | | | | | ?????????????????????????????????????????????????? | | ?????????????????????????????????????????????????? | | ?????????????????????????????????????????????????? | | ?????????????????????????????????????????????????? | | ?????????????????????????????????????????????????? | | ?????????????????????????????????????????????????? | | ?????????????????????????????????????????????????? | | ?????????????????????????????????????????????????? | | ?????????????????????????????????????????????????? | | ?????????????????????????????????????????????????? | | ?????????????????????????????????????????????????? | | ?????????????????????????????????????????????????? | | ?????????????????????????????????????????????????? | | ?????????????????????????????????????????????????? | | ######??????????####?####????????????????????????? | | ##?????##### ### ########?????????????????? | | #????## #"#""###???????????????? | | ###### """""##??????????????? | | ## <@ "#??????????????? | | ## ### """ ####???????????? | | #### ## " """ ########???? | | ##### ## "" """ #" # #???? | | ## ###### ## R##""" "" """ ##??? | | #####????### """" " ?#" #??? | | ##??????????# " """ ### ##??? | | ##???????????# ### """### ## ## #???? | | ##????????????##??### """##??### # #???? | | ##???????????????????#####"#????# #???? | | #?????????????????????????##????# #???? | | #????????????????????????####??## ## ###?? | | ####??????###???????????????# #### ### #?? | | #????????## ##??????????????# ##?### #?? | | #######?## #??????????????# ###???# ##?? | | # #?# #####?????????## ######?## #?? | | # #?# # # #????????# #### ### #?? | | # % ### ###???????# ## ##?? | | ## #####??## ## #??? | | # # # # #### # # # ##??? | | ##### ### ### #######???? | | ##?##### ##### # # # #?????????? | | ### # ### ## # ## ####???????? | | ##??# #???????? | | ### ##???## # # # #???????? | +----------------------------------------------------+ Best States ------------- Heat Dissipation 25 Energy Generation 15 Energy Capacity 200 Matter Stores 300 Matter Capacity 300 Sight Range 16 Terrain Scan Density 10 Evasion (%) 40 Targeting Accuracy 6 Recoil Reduction 2 Item Schematics ----------------- None Robot Schematics ------------------ None Fabricated ------------ Nothing Alien Tech Used ----------------- None Achievements -------------- None Challenges ------------ None Game ------ Seed NullEncryptedLauncher Manual? 0 Play Time 00:23:23 Cumulative 1468.8 hours Start 2024.02.13 @ 02:25:51 End 2024.02.13 @ 02:46:28 Sessions 1 Manual Loads 0 Difficulty Rogue Special Mode None Game No. 1023 Rogue 1019 Adventurer 4 Explorer 0 Win Type - Total 178 Types 132/11/11/7/2/1/3/7/4 Lore% 95 Gallery% 98 Achievement% 98 Wizard Run 0 Options --------- Layout 1 ASCII 0 Keyboard 1 Movement Vi Keybinds 0 Fullscreen 0 Font 24/Terminus Map View 59x39 Zoom Use 0% Tactical HUD 1 Map Filters NONE Filters NONE Steam 1 RUN: 51a55157-cff2-4d18-a59a-0ce9ed929a01